 Dungeon Crawl Stone Soup version 0.26-a0-812-g31a745ddcd (webtiles) character file.

Game seed: 15685255479295472669

817 Lanoc the Insei (level 7, -4/42 HPs)
             Began as a Tengu Transmuter on Nov 14, 2020.
             Killed by nerve-wracking pain
             ... invoked by Grinder
              (9 damage)
             ... on level 5 of the Dungeon.
             The game lasted 00:06:15 (6655 turns).

Lanoc the Insei (Tengu Transmuter)                  Turns: 6655, Time: 00:06:16

Health: -4/42      AC:  2    Str: 10      XL:     7   Next: 94%
Magic:  11/11      EV: 20    Int: 16      God:
Gold:   267        SH:  0    Dex: 11 (14) Spells: 7/10 levels left

rFire    . . .     SeeInvis .     - Unarmed
rCold    . . .     Faith    .   (no shield)
rNeg     . . .     Spirit   .   a - +0 robe
rPois    .         Reflect  .   (helmet restricted)
rElec    .         Harm     .   (no cloak)
rCorr    .         Rampage  .   (no gloves)
MR       .....                  (boots unavailable)
Stlth    +.........             (no amulet)
HPRegen  0.14/turn              u - +4 ring of evasion
MPRegen  0.12/turn              (no ring)

@: flying quickly and evasively, quick
A: beak, talons 3, able to fly
a: Stop Flying


You were on level 5 of the Dungeon.
You visited 1 branch of the dungeon, and saw 5 of its levels.

You collected 267 gold pieces.

Inventory:

Armour
 a - a +0 robe (worn)
 o - a +0 kite shield
Jewellery
 u - a +4 ring of evasion (left hand)
Scrolls
 b - 7 scrolls of identify
 c - 3 scrolls of remove curse
 e - 2 scrolls of amnesia {unknown}
 f - 3 scrolls of teleportation {unknown}
 i - 2 scrolls of fear {unknown}
 j - 2 scrolls of enchant armour {unknown}
 k - 2 scrolls of magic mapping {unknown}
 n - a scroll of blinking {unknown}
 p - a scroll of immolation {unknown}
 q - a scroll of noise {unknown}
 r - a scroll of fog
 v - a scroll of enchant weapon {unknown}
Potions
 d - a potion of attraction {unknown}
 g - 2 potions of heal wounds
 h - a potion of berserk rage
 l - 7 potions of curing {unknown}
 m - a potion of cancellation {unknown}
 s - a potion of ambrosia {unknown}
 t - a potion of haste {unknown}


   Skills:
 + Level 3.8 Fighting
 + Level 4.6 Dodging
 * Level 6.8 Unarmed Combat
 - Level 2.0 Spellcasting
 + Level 3.4 Transmutations


You had 7 spell levels left.
You knew the following spells:

 Your Spells              Type           Power        Failure   Level
a - Beastly Appendage     Tmut           ##....       4%          1
b - Wereblood             Tmut           ##......     8%          2

Your spell library contained the following spells:

 Spells                   Type           Power        Failure   Level
 Spider Form              Tmut/Pois      #.........   30%         3
 Ice Form                 Ice/Tmut       #.......     71%         4
 Blade Hands              Tmut           ##........   80%         5


Dungeon Overview and Level Annotations

Branches:
Dungeon (5/15)             Temple (0/1) D:5

Altars:
Cheibriados
Hepliaklqana
Nemelex Xobeh
Vehumet
Yredelemnul
The Shining One

Portals:
Abyss: D:5

Annotations:
D:5 2 transporters, Grinder; Yendr0's ghost, novice DDFi


Innate Abilities, Weirdness & Mutations

You have a beak for a mouth.
You have claws for feet.
You can fly continuously.


Message History

You howl as the wereblood boils in your veins!
You howl as the wereblood boils in your veins!
You howl as the wereblood boils in your veins!
You hear an angry hiss.
A worker ant comes into view.
Your horns disappear.
Your primal bloodlust has ended.
The worker ant moves out of view.
A frilled lizard comes into view.
The frilled lizard hisses angrily.
Found a staircase to the Ecumenical Temple.
Really fly into that teleport trap?
You enter a teleport trap!
The teleport trap disappears.
Your surroundings suddenly seem different.
Grinder comes into view.
She is carrying a wand of random effects (8).
Grinder shouts!
Grinder blinks!
There is a stone staircase leading up here.
Grinder gestures at you. Pain shoots through your body!
You die...

#### ... ####... ..#
..§.... ..# #.
#...###..###.##. .#
#...5.......... ..#
#####...###.##.##.# ..#
#.....#.#.#.#..# ## .#
#.#######........#...#.##..
.#
#.##....).@...#.###.#...#.#
.# #.##.#####...##
##..<.....# .# #.##.# #####
#.........# .######.##.#
##.......## ...........###
##.#...## ..##....)....#
####.#### ..##.##h####.#
#..... ..#.#.#Y# .# #####.
#..###..# # #†


You could see Grinder.

Vanquished Creatures
  2 ogres (D:5)
  2 centaurs
  A quasit (D:5)
  A hound (D:5)
  2 orc wizards
  A centaur skeleton (D:5)
  2 worker ants (D:4)
  A hound skeleton (D:4)
  10 adders
  5 river rats (D:5)
  A shadow imp (D:3)
  An ooze (D:3)
  An ufetubus (D:5)
  A worm (D:2)
  5 dart slugs
  2 leopard geckos
  10 orcs
  6 bats
  4 giant cockroaches
  8 hobgoblins
  15 jackals
  7 kobolds
  8 quokkas
  4 frilled lizards
  11 goblins
  2 jackal skeletons
  2 leopard gecko zombies (D:5)
  20 rats
135 creatures vanquished.

Vanquished Creatures (others)
  An adder (D:2)
1 creature vanquished.

Grand Total: 136 creatures vanquished

Notes
Turn   | Place    | Note
-------+----------+-------------------------------------------
     0 | D:1      | Lanoc the Tengu Transmuter began the quest for the Orb.
     0 | D:1      | Reached XP level 1. HP: 12/12 MP: 4/4
   161 | D:1      | Reached XP level 2. HP: 16/16 MP: 4/6
   288 | D:1      | Learned a level 2 spell: Wereblood
   738 | D:1      | Reached XP level 3. HP: 20/20 MP: 5/7
  1002 | D:2      | Found a basalt altar of Yredelemnul.
  1012 | D:2      | Found a hazy altar of Hepliaklqana.
  1017 | D:2      | Found a glowing golden altar of the Shining One.
  1486 | D:2      | Reached skill level 4 in Unarmed Combat
  1720 | D:2      | Reached XP level 4. HP: 24/26 MP: 4/8
  2351 | D:2      | Found a radiant altar of Vehumet.
  3173 | D:3      | Found a snail-covered altar of Cheibriados.
  3507 | D:3      | Gained mutation: You can fly continuously. [Tengu growth]
  3507 | D:3      | Reached XP level 5. HP: 20/30 MP: 7/9
  4139 | D:3      | Noticed a centaur
  4151 | D:3      | Killed a centaur
  4151 | D:3      | Reached skill level 5 in Unarmed Combat
  4151 | D:3      | Reached XP level 6. HP: 6/36 MP: 6/10
  4859 | D:4      | Found a sparkling altar of Nemelex Xobeh.
  5078 | D:4      | Found a sparkling altar of Nemelex Xobeh.
  5905 | D:5      | Entered Level 5 of the Dungeon
  6009 | D:5      | Reached XP level 7. HP: 40/41 MP: 8/11
  6096 | D:5      | Reached skill level 6 in Unarmed Combat
  6239 | D:5      | Found a transporter.
  6360 | D:5      | Noticed a small abomination
  6411 | D:5      | Found a transporter.
  6415 | D:5      | Found a one-way gate to the infinite horrors of the Abyss.
  6415 | D:5      | Noticed Yendr0's ghost (novice DDFi)
  6631 | D:5      | HP: 2/42 [ice beast (9)]
  6648 | D:5      | Found a staircase to the Ecumenical Temple.
  6649 | D:5      | Noticed Grinder
  6655 | D:5      | Killed from afar by Grinder

Illustrated notes

Levels and vault maps discovered:
D:1:      kilobyte_arrival_exit_the_forest, layout_rooms
D:2:      layout_basic, fiery_altar_vehumet, grunt_temple_overflow_open,
          serial_co_window_serial, co_window_paths_b, co_window_corner_a,
          co_window_paths_a, co_window_paths_b, co_window_paths_b,
          co_window_paths_c, co_window_paths_c, co_window_of_opportunity_c,
          co_window_broadway_c, co_window_broadway_b, co_window_broadway_a,
          co_window_unsneaky_path_a, co_window_paths_e
D:3:      layout_basic, serial_bayou_pond_b, cheibriados_altar_1
D:4:      layout_loops_corners, nicolae_overflow_crystal_walls,
          nemelex_spade_bored_becter
D:5:      lemuel_ratsnest, layout_loops_ring, minmay_temple_entry_junction,
          gammafunk_ghost_abyssal_escape, uniq_grinder

Skill      XL: |  1  2  3  4  5  6  7 |
---------------+----------------------+-----
Unarmed Combat | 4 5 6 |  6.8
Transmutations | 2 3 |  3.4
Fighting       | 2 3 |  3.8
Dodging        | 3 4 |  4.6
Spellcasting   | |  2.0

Action                   |  1- 3 |  4- 6 |  7- 9 || total
-------------------------+-------+-------+-------++-------
Melee: Unarmed           |    75 |   175 |    77 ||   327
       Kick              |    15 |    41 |    16 ||    72
       Peck              |     8 |    16 |     5 ||    29
       Headbutt          |     4 |    16 |     6 ||    26
       Punch             |       |     2 |       ||     2
 Cast: Beastly Appendage |    23 |    31 |     7 ||    61
       Wereblood         |     6 |    10 |     4 ||    20
 Abil: Fly               |       |     1 |       ||     1
  Use: Scroll            |       |     4 |       ||     4
       Potion            |       |     1 |       ||     1
Armor: Robe              |    12 |    22 |     3 ||    37
Dodge: Dodged            |    56 |   156 |    84 ||   296
Block: Kite shield       |       |     8 |       ||     8

Table legend: (Time is in decaauts)
 A = Elapsed time spent in this place.
 B = Non-inter-level travel time spent in this place.
 C = Inter-level travel time spent in this place.
 D = Time resting spent in this place.
 E = Time spent auto-exploring this place.
 F = Levels seen in this place.
 G = Mean time per level.
                   A        B        C        D        E       F      G
               +--------+--------+--------+--------+--------+-----+--------+
         Total |   6489 |   6410 |     79 |      0 |   5670 |   5 | 1297.8 |
       Dungeon |   6489 |   6410 |     79 |      0 |   5670 |   5 | 1297.8 |
               +--------+--------+--------+--------+--------+-----+--------+

Top non-repeatable levels by time:
     D:3: 2023 daAuts
     D:2: 1827 daAuts
     D:4: 979 daAuts
     D:1: 953 daAuts
     D:5: 706 daAuts
